 Dungeon Crawl Stone Soup version 0.30-a0-465-g8901f6c8b5 (webtiles) character file.

Game seed: 17027761576804209875

739 Sabo the Covered (level 7, 0/63 HPs)
             Began as an Armataur Fighter on Dec 18, 2022.
             Killed by divine providence
             ... invoked by an orc priest
              (12 damage)
             ... on level 5 of the Dungeon.
             The game lasted 00:22:14 (4617 turns).

Sabo the Covered (Armataur Fighter)                 Turns: 4617, Time: 00:22:14

Health: 0/63       AC:  8    Str: 23    XL:     7   Next: 46%
Magic:  7/7        EV:  7    Int:  8    God:
Gold:   134        SH:  4    Dex: 10    Spells: 6/6 levels left

rFire   . . .      SeeInvis .    a - +0 war axe (elec)
rCold   . . .      Faith    .    c - +0 buckler
rNeg    . . .      Spirit   .    b - +0 scale mail
rPois   .          Reflect  .    (no helmet)
rElec   .          Harm     .    (no cloak)
rCorr   .          Roll     +    n - +0 pair of gloves
Will    .....                    (no barding)
Stlth   ..........               (no amulet)
HPRegen 0.30/turn                (no ring)
MPRegen 0.10/turn                (no ring)

@: no status effects
A: large, rugged brown scales 3, deformed body, armoured tail, roll, long
tongue, awkward tongue
a: no special abilities


You were on level 5 of the Dungeon.
You visited 1 branch of the dungeon, and saw 5 of its levels.

You collected 193 gold pieces.
You spent 59 gold pieces at shops.

Inventory:

Hand Weapons
 a - a +0 war axe of electrocution (weapon)
 d - a +0 glaive
 j - a +2 dagger of venom
 k - a +0 sling
 l - a +4 dagger
Missiles
 q - 6 poisoned darts (quivered)
Armour
 b - a +0 scale mail (worn)
 c - a +0 buckler (worn)
 n - a +0 pair of gloves (worn)
Wands
 t - a wand of digging (2)
Scrolls
 h - a scroll of teleportation {unknown}
 p - a scroll of silence {unknown}
 r - a scroll of brand weapon
 v - a scroll of blinking {unknown}
Potions
 e - a potion of cancellation
 f - 2 potions of degeneration {unknown}
 g - a potion of invisibility {unknown}
 i - 5 potions of curing
 m - a potion of flight {unknown}
 o - 2 potions of mutation {unknown}
 s - 2 potions of berserk rage {unknown}
 u - a potion of resistance {unknown}
 w - a potion of might


   Skills:
 + Level 4.1 Fighting
 + Level 4.5 Axes
 + Level 6.1 Armour
 + Level 1.0 Dodging
 + Level 1.2 Stealth
 + Level 4.4 Shields


You had 6 spell levels left.
You didn't know any spells.
Your spell library contained the following spells:

 Spells                   Type           Power      Damage    Failure   Level
 Ignite Poison            Fire/Tmut/Pois 0%         N/A       98%         3
 Sticky Flame             Conj/Fire      0%         2d3       100%        4
 Ignition                 Fire           0%         3d3       100%        8


Dungeon Overview and Level Annotations

Branches:
Dungeon (5/15)
 Temple: D:4-7

Altars:
Ru
Xom
Yredelemnul
The Shining One

Shops:
D:1 :   D:2 ((?*


Innate Abilities, Weirdness & Mutations

You are completely covered in rugged brown scales. (AC +3, +7% HP)
Armour fits poorly on your strangely shaped body.
You have a long armoured tail.
You roll when moving toward enemies. (Rampage)
Your long tongue fully drains potion bottles. (2x potion effects)
Your tongue gives you trouble enunciating. (1.5x scroll delay)


Message History

You roll towards the orc wizard!
You closely miss the orc wizard. The orc wizard barely misses you.
You barely miss the orc wizard. The orc wizard barely misses you.
The orc priest mumbles some strange prayers to Beogh against you.
Beogh smites you! The orc wizard casts a spell at you.
You are confused.
The orc priest mumbles some strange prayers to Beogh against you.
Pain shoots through your body! The orc wizard casts a spell at you.
The puff of flame hits you!
The orc priest hits you with a +0 hand axe.
The orc wizard mumbles some strange words.
The orc wizard flickers and vanishes!
Deactivating autopickup; reactivate with Ctrl-A.
The orc priest hits you with a +0 hand axe.
The orc hits you but does no damage.
You're too confused to move!
The orc hits you but does no damage.
The orc priest mumbles some strange prayers to Beogh against you.
Pain shoots through your body!
* * * LOW HITPOINT WARNING * * *
Something hits you.
* * * LOW HITPOINT WARNING * * *
You bump into the rock wall.
The orc priest hits you but does no damage.
The orc hits you with a +0 mace.
* * * LOW HITPOINT WARNING * * *
Something hits you but does no damage.
You slurp down every last drop of the 2 potions of cancellation!
Your magical effects are unravelling.
You feel magically purged.
You feel less confused. The orc hits you but does no damage.
The orc priest barely misses you. Something hits you but does no damage.
You miss something.
Your tail-slap misses something.
You barely miss the orc. You hit the orc priest.
The orc hits you with a +0 mace.
* * * LOW HITPOINT WARNING * * *
The orc priest calls down the wrath of Beogh upon you.
Beogh smites you!
You die...

#........#...##
#........#....#
#.......)#....#
#......).'...##
#........#....#
#........###'##
#........#...##
#........#....#
#@{......#....#
#oo......#....#
#........#...##
#........#....####
#........#....#...
#........#........
#........#........
#........'........
#........#'####'##


You could see an orc priest and an orc.

Vanquished Creatures
  Sigmund (D:3)
  An ogre (D:5)
  2 phantoms
  Blork the orc (D:5)
  A scorpion (D:5)
  A crimson imp (D:3)
  An iguana (D:4)
  A mummy (D:4)
  A gnoll (D:1)
  6 adders
  A worm (D:2)
  4 dart slugs
  An orc (D:5)
  4 ball pythons
  8 bats
  8 endoplasms
  2 giant cockroaches
  5 goblins
  8 hobgoblins
  3 jackals (D:4)
  2 quokkas
  5 frilled lizards
  3 goblin zombies (D:3)
  3 hobgoblin zombies (D:3)
  8 kobolds
  A kobold skeleton (D:3)
  3 kobold zombies (D:4)
  An orc skeleton (D:3)
  3 orc zombies
  5 rats
94 creatures vanquished.

Notes
Turn   | Place    | Note
-------+----------+-------------------------------------------
     0 | D:1      | Sabo the Armataur Fighter began the quest for the Orb.
     0 | D:1      | Reached XP level 1. HP: 19/19 MP: 1/1
    42 | D:1      | Reached XP level 2. HP: 17/26 MP: 2/2
   162 | D:1      | Reached skill level 4 in Armour
   293 | D:1      | Found Nuiklat's Book Shop.
   323 | D:1      | Reached XP level 3. HP: 29/33 MP: 3/3
  1018 | D:2      | Found Iweniub's General Store.
  1188 | D:2      | Bought a potion of curing for 33 gold pieces
  1391 | D:2      | Reached XP level 4. HP: 40/40 MP: 4/4
  1426 | D:2      | Found Esiy's Weapon Boutique.
  1458 | D:2      | Found Koehaum's Weapon Shop.
  1678 | D:2      | Found a basalt altar of Yredelemnul.
  1898 | D:2      | Found Nuattel's Magic Scroll Emporium.
  1907 | D:2      | Bought a scroll of identify for 26 gold pieces
  2038 | D:3      | Found a sacrificial altar of Ru.
  2096 | D:3      | Found a glowing golden altar of the Shining One.
  2242 | D:3      | Reached XP level 5. HP: 48/48 MP: 5/5
  2626 | D:3      | Noticed Sigmund
  2649 | D:3      | Killed Sigmund
  2650 | D:3      | Reached skill level 5 in Armour
  2650 | D:3      | Reached XP level 6. HP: 23/54 MP: 6/6
  2868 | D:3      | Found a shimmering altar of Xom.
  3805 | D:4      | Reached skill level 1 in Stealth
  4175 | D:5      | Entered Level 5 of the Dungeon
  4253 | D:5      | Noticed Blork the orc
  4264 | D:5      | Reached XP level 7. HP: 25/62 MP: 7/7
  4265 | D:5      | Killed Blork the orc
  4285 | D:5      | Reached skill level 6 in Armour
  4476 | D:5      | Reached skill level 1 in Dodging
  4617 | D:5      | Killed from afar by an orc priest

Illustrated notes

Levels and vault maps discovered:
D:1:      dpeg_arrival_shrine, layout_basic, serial_shops, nicolae_diamond_shop,
          minmay_misc_feat_room, minmay_stone_trees_medium
D:2:      layout_basic, serial_shops, nicolae_lakefront_shop,
          nicolae_shop_crystal, shop_fountains, shop, basic_altar,
          minmay_pentomino_z2
D:3:      layout_rooms, mainiacjoe_overflow_six_doors_small,
          nicolae_tso_besieged_by_evil, lemuel_doored_altar, uniq_sigmund
D:4:      layout_gridville, serial_glass, glass_columns_b, glass_columns_a,
          glass_columns_a, glass_columns_a, glass_columns_b, glass_columns_a,
          glass_columns_a, glass_columns_a, hangedman_decor_clover_reticule,
          minmay_mini_ossuary
D:5:      layout_gridville, uniq_blork_the_orc, uniq_eustachio, uniq_edmund

Skill      XL: |  1  2  3  4  5  6  7 |
---------------+----------------------+-----
Fighting       | 3 4 |  4.1
Armour         | 4 5 6 |  6.1
Axes           | 2 3 4 |  4.5
Shields        | 4 |  4.4
Stealth        | 1 |  1.2
Dodging        | 1 |  1.0

Action                   |  1- 3 |  4- 6 |  7- 9 || total
-------------------------+-------+-------+-------++-------
Melee: War axe           |    95 |   164 |    13 ||   272
       Tailslap          |     8 |    19 |     1 ||    28
  Use: Scroll            |       |     5 |       ||     5
       Potion            |       |     2 |     1 ||     3
Armor: Scale mail        |    59 |    99 |     8 ||   166
Dodge: Dodged            |    41 |    47 |     7 ||    95
Block: Buckler           |    22 |    45 |     1 ||    68

Table legend: (Time is in decaauts)
 A = Elapsed time spent in this place.
 B = Non-inter-level travel time spent in this place.
 C = Inter-level travel time spent in this place.
 D = Time resting spent in this place.
 E = Time spent auto-exploring this place.
 F = Levels seen in this place.
 G = Mean time per level.
                   A        B        C        D        E       F      G
               +--------+--------+--------+--------+--------+-----+--------+
         Total |   4728 |   4728 |      0 |   1061 |      0 |   5 |  945.6 |
       Dungeon |   4728 |   4728 |      0 |   1061 |      0 |   5 |  945.6 |
               +--------+--------+--------+--------+--------+-----+--------+

Top non-repeatable levels by time:
     D:3: 1148 daAuts
     D:4: 1134 daAuts
     D:2: 1060 daAuts
     D:1: 994 daAuts
     D:5: 389 daAuts
